 Dungeon Crawl Stone Soup version 0.30.1 (webtiles) character file.

Game seed: 14971399854228419318

23748 wingedge the Geomancer (level 12, -3/95 HPs)
             Began as a Demigod Wanderer on July 6, 2023.
             Slain by a yak (8 damage)
             ... on level 1 of the Lair of Beasts.
             The game lasted 01:22:55 (24450 turns).

wingedge the Geomancer (Demigod Wanderer)          Turns: 24450, Time: 01:22:56

Health: -3/95      AC: 14    Str: 11    XL:     12   Next: 41%
Magic:  2/28       EV: 11    Int: 32    God:
Gold:   720        SH:  0    Dex: 13    Spells: 13/26 levels left

rFire   . . .        b - +6 quarterstaff of Waoriyth {heavy, SInv}
rCold   + . .        (shield currently unavailable)
rNeg    . . .        Q - +0 swamp dragon scales
rPois   +            V - +2 hat {Stlth+}
rElec   .            X - +1 cloak
rCorr   +            (no gloves)
SInv    +            W - +0 pair of boots
Will    +....        (no amulet)
Stlth   ++           O - ring of protection from cold
HPRegen 0.35/turn    S - ring of resist corrosion
MPRegen 0.21/turn

%: no passive effects
@: no status effects
A: high MP 1, forlorn, divine attributes
a: no special abilities


You were on level 1 of the Lair of Beasts.
You visited 2 branches of the dungeon, and saw 12 of its levels.

You collected 720 gold pieces.

Inventory:

Hand Weapons
 a - the +6 dagger of Classification {drain, *Noise Int+3 Stlth+}
   (You found it on level 8 of the Dungeon)

   Int:       It affects your intelligence (+3).
   *Noise:    It may make noises in combat.
   Stlth:     It makes you more stealthy.
 b - the +6 quarterstaff of Waoriyth (weapon) {heavy, SInv}
   (You took it off a gnoll bouda on level 6 of the Dungeon)

   SInv:      It lets you see invisible.
 f - the +8 mace "Kowkanup" {holy, Fly Str+2}
   (You found it on level 1 of the Lair of Beasts)

   Str:       It affects your strength (+2).
   Fly:       It grants you flight.
 v - a +8 dagger of venom
 F - the +2 quarterstaff "Leviticus" {distort, rElec Dex+7 Stlth+}
   (You found it on level 11 of the Dungeon)

   Dex:       It affects your dexterity (+7).
   rElec:     It insulates you from electricity.
   Stlth:     It makes you more stealthy.
 Y - the +8 hand axe of Kismet {heavy, rElec MP-9 Str+3 Int+3}
   (You took it off an orc priest on level 10 of the Dungeon)

   Str:       It affects your strength (+3).
   Int:       It affects your intelligence (+3).
   rElec:     It insulates you from electricity.
   MP:        It affects your magic capacity (-9).
Missiles
 A - 23 poisoned darts
 M - 4 throwing nets (quivered)
 T - a curare-tipped dart
Armour
 k - a +2 robe of willpower
 t - a +1 ring mail of cold resistance
 Q - +0 swamp dragon scales (worn)
 V - a +2 hat of stealth (worn)
 W - a +0 pair of boots (worn)
 X - a +1 cloak (worn)
Jewellery
 I - a ring of fire
 O - a ring of protection from cold (left hand)
 S - a ring of resist corrosion (right hand)
Wands
 h - a wand of mindburst (3)
 H - a wand of charming (1)
 N - a wand of iceblast (2)
 Z - a wand of quicksilver (4)
Scrolls
 j - a scroll of poison
 n - 2 scrolls of enchant armour
 q - a scroll of teleportation
 w - a scroll of magic mapping
 y - a scroll of fog {unknown}
 D - 2 scrolls of amnesia
 G - 3 scrolls of immolation {unknown}
 R - a scroll of acquirement {unknown}
Potions
 d - 2 potions of might
 e - 4 potions of curing
 g - a potion of brilliance
 l - a potion of attraction {unknown}
 o - 3 potions of ambrosia
 p - a potion of resistance {unknown}
 r - a potion of magic {unknown}
 s - a potion of haste
 x - 2 potions of heal wounds
 B - 2 potions of degeneration {unknown}
 C - 3 potions of mutation {unknown}
 J - 2 potions of cancellation {unknown}
 K - 3 potions of lignification {unknown}
 L - a potion of invisibility {unknown}
 P - a potion of berserk rage {unknown}


   Skills:
 + Level 5.7 Fighting
 - Level 3.0 Short Blades
 - Level 4.0 Staves
 - Level 2.0 Throwing
 - Level 5.0 Armour
 - Level 3.0 Dodging
 - Level 2.0 Stealth
 - Level 2.0 Shields
 + Level 7.9 Spellcasting
 - Level 7.0 Conjurations
 - Level 5.0 Translocations
 - Level 6.0 Fire Magic
 - Level 11.0 Earth Magic


You had 13 spell levels left.
You knew the following spells:

 Your Spells              Type           Power      Damage    Failure   Level
a - Foxfire               Conj/Fire      100%       2x1d9     1%          1
b - Volatile Blastmotes   Fire/Tloc      94%        2d17      2%          3
c - Iskenderun's Mystic   Conj/Tloc      50%        2d11      7%          4
d - Lee's Rapid Deconstr  Erth           35%        3d18*     2%          5

Your spell library contained the following spells:

 Spells                   Type           Power      Damage    Failure   Level
 Lesser Beckoning         Tloc           88%        N/A       1%          2
 Gell's Gravitas          Tloc           44%        N/A       3%          3
 Teleport Other           Tloc           44%        N/A       3%          3
 Summon Small Mammal      Summ           48%        N/A       9%          1
 Fulminant Prism          Conj/Hex       17%        3d10      21%         4
 Call Canine Familiar     Summ           12%        N/A       26%         3
 Summon Guardian Golem    Hex/Summ       12%        N/A       26%         3
 Dispersal                Tloc           22%        N/A       86%         6


Dungeon Overview and Level Annotations

Branches:
Dungeon (11/15)            Temple (0/1) D:4            Lair (1/5) D:11
    Orc: D:9-12

Annotations:
D:11 fly to lava island


Innate Abilities, Weirdness & Mutations

You have an increased reservoir of magic. (+10% MP)
You shall have no god before yourself.
Your divine heritage dramatically boosts your attributes as you level up.


Message History

The yak gores you but does no damage. x2
Casting: Lee's Rapid Deconstruction (dangerous; 2% risk of failure)
Confirm with . or Enter, or press ? or * to list all spells.
Aiming: Lee's Rapid Deconstruction (dangerous; 2% risk of failure)
Press: ? - help, Dir - move target A rock wall.
The wall shatters!
The blast of rock fragments hits the yak!
You kill the yak!
The blast of rock fragments hits the yak!!
The yak is almost dead.
The yak closely misses you.
You hit the yak.
The yak is almost dead.
The yak gores you but does no damage.
You sock the yak!
You kill the yak!
The yak gores you!
* * * LOW HITPOINT WARNING * * *
You feel better. The yak gores you but does no damage.
You hit the yak.
The yak is lightly wounded.
The yak gores you but does no damage. The yak gores you.
* * * LOW HITPOINT WARNING * * *
You sock the yak!
The yak is heavily wounded.
The yak gores you.
* * * LOW HITPOINT WARNING * * *
Press: ? - help, v - describe, . - travel, g - get item
Here: a yak (heavily wounded)
Items here: a yak corpse; a yak corpse; a yak corpse.
The floor, spattered with blood.
You feel better. The yak gores you!
* * * LOW HITPOINT WARNING * * *
You sock the yak!
The yak is severely wounded.
The yak gores you!
* * * LOW HITPOINT WARNING * * *
The yak gores you!
You die...

...............###......# .......
.............Y.# ##....###.......
.............Y.# #.Y#..##.......
..............## ##.÷..###.......
.............#.# #..Y..# #.......
............#### ##..#.###.......
.....#......### #..#÷.)........
.....#........#####..#...........
.............††Y@†.....##........
...............####..#####.......
................###..#.###.......
...............###...............
......~.~~......###...####.......
.....~~~≈≈~....###....P#....###.#
.....≈~≈≈≈≈~.....................
....~≈≈~≈~≈≈~~..#.P..............
....~≈~~.~~≈≈..######............


You could see a yak.

Vanquished Creatures
  Gastronok (D:9)
  A minotaur (Lair:1)
  Erolcha (D:9)
  Harold (D:11)
  2 two-headed ogres
  4 orange crystal statues (D:8)
  Pikel (D:5)
  4 lindwurms (D:11)
  An ugly thing (D:7)
  2 cyclopes (D:11)
  A black mamba (Lair:1)
  Maurice (D:8)
  A cane toad (Lair:1)
  4 molten gargoyles (D:9)
  Maggie (D:8)
  A kobold demonologist (D:9)
  2 komodo dragons
  4 trolls
  A hornet (D:8)
  Prince Ribbit (D:8)
  17 yaks
  A vampire (D:11)
  3 wyverns
  A water elemental (D:11)
  3 wraiths
  A shadow (D:9)
  Grum (D:9)
  Menkaure (D:5)
  An acid dragon (D:10)
  Edmund (D:6)
  A water moccasin (D:9)
  Duvessa (D:6)
  2 sky beasts
  5 orc warriors
  A black bear (D:8)
  6 wolves
  2 ice beasts
  An ogre (D:5)
  4 centaurs
  A phantom (D:4)
  3 lemures (D:5)
  2 kobold brigands (D:9)
  7 bullfrogs
  2 scorpions
  9 wights
  Dowan (D:6)
  15 killer bees
  6 howler monkeys
  2 electric eels (D:11)
  A quasit (D:4)
  A lava snake (D:9)
  8 hounds
  2 jellies
  Crazy Yiuf (D:5)
  4 gnoll boudas
  7 orc priests
  3 sleepcaps
  An iguana (D:5)
  Ijyb (D:5)
  Natasha (thrice) (D:4)
  10 orc wizards
  Robin (D:3)
  8 gnolls
  4 adders
  A shadow imp (D:8)
  3 white imps
  6 ufetubi
  3 worms (D:2)
  3 dart slugs
  29 orcs
  9 ball pythons
  9 endoplasms
  3 giant cockroaches
  18 goblins
  7 hobgoblins
  15 jackals
  2 quokkas
  9 bats
  3 frilled lizards
  10 kobolds
  8 rats
  A foxfire (D:5)
330 creatures vanquished.

Vanquished Creatures (others)
  592 foxfires
592 creatures vanquished.

Grand Total: 922 creatures vanquished

Notes
Turn   | Place    | Note
-------+----------+-------------------------------------------
     0 | D:1      | wingedge the Demigod Wanderer began the quest for the Orb.
     0 | D:1      | wingedge set off with the following items: a +2 short
                  | sword, a +0 buckler, a scroll of teleportation, a +0 robe;
                  | and the following spell memorised: Foxfire; and the
                  | following spells available to memorise: Volatile
                  | Blastmotes.
     0 | D:1      | Reached XP level 1. HP: 14/14 MP: 4/4
   132 | D:1      | Reached skill level 1 in Conjurations
   288 | D:1      | Reached XP level 2. HP: 20/20 MP: 5/5
  1637 | D:2      | Reached XP level 3. HP: 26/26 MP: 4/7
  2114 | D:2      | Reached XP level 4. HP: 33/33 MP: 0/8
  4330 | D:4      | Noticed Natasha
  4333 | D:4      | Killed Natasha
  4334 | D:4      | Reached XP level 5. HP: 38/38 MP: 6/10
  4334 | D:4      | Noticed a wyvern
  4423 | D:4      | Noticed Robin
  4470 | D:3      | Killed Robin
  4655 | D:4      | Noticed Natasha
  4669 | D:4      | Killed Natasha
  4670 | D:4      | Reached skill level 1 in Fighting
  4670 | D:4      | Reached skill level 1 in Translocations
  4890 | D:4      | Killed a wyvern
  4891 | D:4      | Reached XP level 6. HP: 48/48 MP: 1/11
  5000 | D:4      | Learned a level 3 spell: Volatile Blastmotes
  5184 | D:4      | Noticed Natasha
  5191 | D:4      | Killed Natasha
  5477 | D:4      | Found a staircase to the Ecumenical Temple.
  5880 | D:5      | Entered Level 5 of the Dungeon
  6301 | D:5      | Reached XP level 7. HP: 14/55 MP: 1/13
  6539 | D:5      | Noticed Menkaure
  6543 | D:5      | Killed Menkaure
  6646 | D:5      | Identified the +5 scale mail of Fuzzy Tender Moments
                  | {Stlth+}
  6899 | D:5      | Reached skill level 1 in Armour
  6904 | D:5      | Noticed Ijyb
  6915 | D:5      | Killed Ijyb
  7389 | D:5      | Reached XP level 8. HP: 61/61 MP: 9/15
  7438 | D:5      | Reached skill level 5 in Fire Magic
  7624 | D:5      | Found a runed translucent door.
  7625 | D:5      | Noticed Crazy Yiuf
  7671 | D:6      | Noticed Pikel
  8052 | D:6      | Noticed Edmund
  8062 | D:6      | Killed Edmund
  8125 | D:6      | Noticed Duvessa
  8133 | D:6      | Killed Duvessa
  8136 | D:6      | Noticed Dowan
  8143 | D:6      | Killed Dowan
  8484 | D:6      | Reached skill level 5 in Translocations
  8607 | D:5      | Killed Pikel
  8608 | D:5      | Reached skill level 2 in Earth Magic
  8799 | D:6      | Identified the +6 quarterstaff of Waoriyth {heavy, SInv}
  9067 | D:6      | Reached skill level 1 in Staves
  9067 | D:6      | Reached skill level 3 in Earth Magic
  9067 | D:6      | Reached XP level 9. HP: 46/69 MP: 13/16
  9853 | D:7      | Noticed a purple ugly thing
 10477 | D:6      | Reached skill level 4 in Earth Magic
 10880 | D:7      | Learned a level 4 spell: Iskenderun's Mystic Blast
 10886 | D:7      | Learned a level 5 spell: Lee's Rapid Deconstruction
 11114 | D:7      | Killed a purple ugly thing
 11115 | D:7      | Reached skill level 5 in Earth Magic
 11333 | D:8      | Noticed Maggie
 11641 | D:8      | Identified the +6 dagger of Classification {drain, *Noise
                  | Int+3 Stlth+}
 11955 | D:8      | Killed Maggie
 12209 | D:8      | Reached skill level 5 in Conjurations
 12215 | D:8      | Reached XP level 10. HP: 29/77 MP: 4/19
 12404 | D:8      | Noticed Prince Ribbit
 12409 | D:8      | Noticed Maurice
 12418 | D:8      | Killed Prince Ribbit
 12419 | D:8      | Reached skill level 6 in Earth Magic
 12651 | D:8      | Killed Maurice
 13520 | D:8      | Found a runed translucent door.
 13524 | D:8      | Found the +10 tower shield of Ignorance {rN+ Int-4}
 13530 | D:8      | Noticed an orange crystal statue
 13530 | D:8      | Noticed an orange crystal statue
 13530 | D:8      | Noticed an orange crystal statue
 13530 | D:8      | Noticed an orange crystal statue
 13773 | D:8      | Reached skill level 5 in Spellcasting
 14019 | D:8      | Found a runed translucent door.
 15163 | D:9      | Reached skill level 7 in Earth Magic
 16016 | D:9      | Noticed Gastronok
 16260 | D:9      | Killed Gastronok
 16261 | D:9      | Reached skill level 8 in Earth Magic
 16417 | D:9      | Noticed Erolcha
 16423 | D:9      | Killed Erolcha
 16424 | D:9      | Reached XP level 11. HP: 84/84 MP: 24/24
 17912 | D:9      | Noticed Grum
 17945 | D:9      | Killed Grum
 18301 | D:10     | Entered Level 10 of the Dungeon
 18301 | D:10     | Noticed a two-headed ogre
 18311 | D:10     | Killed a two-headed ogre
 18312 | D:10     | Reached skill level 5 in Armour
 18747 | D:10     | Reached skill level 9 in Earth Magic
 18879 | D:10     | Reached skill level 1 in Dodging
 19482 | D:10     | Identified the +8 hand axe of Kismet {heavy, rElec MP-9
                  | Str+3 Int+3}
 20019 | D:11     | Noticed a two-headed ogre
 20121 | D:11     | Killed a two-headed ogre
 20868 | D:11     | Found a staircase to the Lair.
 21092 | D:11     | Noticed Harold
 21110 | D:11     | Killed Harold
 21110 | D:11     | Noticed a lindwurm
 21111 | D:11     | Reached skill level 10 in Earth Magic
 21442 | D:11     | Noticed a lindwurm
 21444 | D:11     | Noticed a lindwurm
 21446 | D:11     | Killed a lindwurm
 21457 | D:11     | Noticed a lindwurm
 21575 | D:11     | Killed a lindwurm
 21836 | D:11     | Killed a lindwurm
 22000 | D:11     | Killed a lindwurm
 22470 | D:11     | Reached XP level 12. HP: 91/91 MP: 9/26
 22674 | Lair:1   | Entered Level 1 of the Lair of Beasts
 23046 | D:5      | Killed Crazy Yiuf
 23628 | Lair:1   | Found a runed translucent door.
 23795 | Lair:1   | Noticed a minotaur
 23798 | Lair:1   | Killed a minotaur
 23803 | Lair:1   | Identified the +8 mace "Kowkanup" {holy, Fly Str+2}
 23983 | D:11     | Identified the +2 quarterstaff "Leviticus" {distort, rElec
                  | Dex+7 Stlth+}
 23986 | D:11     | Identified the +0 chain mail of Enic {Int+2}
 24123 | Lair:1   | Reached skill level 5 in Fighting
 24176 | Lair:1   | Reached skill level 11 in Earth Magic
 24450 | Lair:1   | Slain by a yak

Illustrated notes

Levels and vault maps discovered:
D:1:      kennysheep_arrival_forest, layout_basic
D:2:      layout_basic, minmay_pentomino_u2
D:3:      layout_loops_ring, tso_oasis_becter, lemuel_coloured_pillars_altar,
          jmf_multi_god_temple, minmay_misc_feat_five,
          chequers_serial_rivers_room_a
D:4:      layout_loops_cross, temple_fountains, serial_demonic,
          serial_demonic_g, serial_demonic_a, serial_demonic_d,
          serial_demonic_g, serial_demonic_e, serial_bayou_pond_e,
          hangedman_abyss_or_decor_stabs, chequers_serial_rivers_micro_d,
          hangedman_abyss_or_decor_stagger, nrook_mini_vaults, uniq_natasha,
          uniq_robin
D:5:      layout_basic, nicolae_elyvilon_peaceful_grove, uniq_menkaure,
          uniq_ijyb, uniq_crazy_yiuf_cottage
D:6:      layout_basic, uniq_duvessa, uniq_edmund, uniq_pikel
D:7:      layout_rooms, nicolae_ru_awakened_eye, hellmonk_bongcloud_opening,
          grunt_tough_drop
D:8:      layout_basic, nemelex_spade_bored_becter, kennysheep_mini_moat,
          chequers_guarded_unrand_ignorance, uniq_maurice, uniq_maggie,
          uniq_prince_ribbit1
D:9:      layout_irregular_city, minivault_8, uniq_gastronok, uniq_erolcha,
          uniq_grum
D:10:     layout_cave_pods, mainiacjoe_overflow_alcove_2
D:11:     layout_small_grid, erik_lair_island, minmay_lindwurm_lava, uniq_harold
Lair:1:   dreamdust_labyrinth, layout_gridlike, beast_lair_carwin_2,
          infiniplex_staircase_pool_2

Skill      XL: |  1  2  3  4  5  6  7  8  9 10 11 12 |
---------------+-------------------------------------+-----
Fire Magic     | 2 3 4 5 6 |  6.0
Conjurations   | 1 2 3 4 5 7 |  7.0
Shields        | 2 |  2.0
Spellcasting   | 2 3 4 6 7 |  7.9
Short Blades   | 2 3 |  3.0
Fighting       | 1 2 3 4 5 |  5.7
Translocations | 1 2 4 5 |  5.0
Armour         | 2 3 4 5 |  5.0
Earth Magic    | 3 5 8 10 11 | 11.0
Staves         | 1 4 |  4.0
Dodging        | 3 |  3.0
Stealth        | 2 |  2.0
Throwing       | 2 |  2.0

Action                     |  1- 3 |  4- 6 |  7- 9 | 10-12 || total
---------------------------+-------+-------+-------+-------++-------
  Melee: Short sword       |    14 |    28 |       |       ||    42
         Rapier            |       |    48 |    13 |       ||    61
         Dagger            |       |       |    44 |    45 ||    89
         Quarterstaff      |       |       |    68 |    53 ||   121
         Flail             |       |       |       |    15 ||    15
  Throw: Dart              |       |       |       |     1 ||     1
   Cast: Foxfire           |    79 |   127 |   107 |    42 ||   355
         Volatile Blastmot |       |     8 |    55 |    15 ||    78
         Lee's Rapid Decon |       |       |     2 |   196 ||   198
         Iskenderun's Myst |       |       |     2 |     8 ||    10
  Evoke: Wand              |       |     6 |    10 |     8 ||    24
    Use: Scroll            |       |     3 |     7 |     9 ||    19
         Potion            |       |       |     4 |     7 ||    11
   Stab: Sleeping          |     3 |     2 |     1 |       ||     6
 Armour: Robe              |     6 |    34 |     4 |    41 ||    85
         Ring mail         |       |       |    74 |       ||    74
         Swamp dragon scal |       |       |       |    51 ||    51
  Dodge: Dodged            |     4 |    91 |   120 |   142 ||   357
  Block: Buckler           |     2 |    34 |     2 |       ||    38
